 Dungeon Crawl Stone Soup version 0.22-a0-542-gce4f928 (webtiles) character file.

98 inc the Skirmisher (level 4, -1/33 HPs)
             Began as an Octopode Wizard on June 24, 2018.
             Splashed by a jelly's acid (2 damage)
             ... on level 2 of the Dungeon.
             The game lasted 00:03:11 (2197 turns).

inc the Skirmisher (Octopode Wizard)                Turns: 2197, Time: 00:03:11

Health: -1/33      AC: -7    Str:  6    XL:     4   Next: 69%
Magic:  8/8        EV: 13    Int: 21    God:
Gold:   42         SH:  0    Dex: 10    Spells: 1/9 levels left

rFire    . . .     SeeInvis .   k - +3 dagger (flame)
rCold    . . .     Gourm    .   (no shield)
rNeg     . . .     Faith    .   a - +0 hat
rPois    .         Spirit   .   (no amulet)
rElec    .         Reflect  .   (no ring)
rCorr    .         Harm     .   (no ring)
MR       .....                  (no ring)
Stlth    +++.......             (no ring)
HPRegen  0.11/turn              (no ring)
MPRegen  0.11/turn              (no ring)
                                (no ring)
                                (no ring)

@: corroded
A: almost no armour, stealthy swim, amphibious, 8 rings, constrict 8, camouflage
1, gelatinous body 1
a: no special abilities


You were on level 2 of the Dungeon.
You were not hungry.

You visited 1 branch of the dungeon, and saw 2 of its levels.

You collected 42 gold pieces.

Inventory:

Hand Weapons
 e - a +0 spear
 k - a +3 dagger of flaming (weapon)
Armour
 a - a +0 hat (worn)
Wands
 l - a wand of polymorph (11)
Scrolls
 b - a scroll of remove curse {unknown}
 d - a scroll of amnesia {unknown}
 g - 2 scrolls of magic mapping {unknown}
 i - a scroll of noise {unknown}
 j - a scroll of enchant armour {unknown}
Potions
 f - a potion of heal wounds {unknown}
 h - 2 potions of curing {unknown}
Comestibles
 c - 3 rations
 m - a chunk of flesh


   Skills:
 - Level 4.1 Fighting
 - Level 2.0 Dodging
 - Level 2.6 Stealth
 - Level 3.0 Spellcasting
 - Level 1.0 Conjurations
 + Level 1.1 Summonings
 - Level 1.0 Translocations


You had one spell level left.
You knew the following spells:

 Your Spells              Type           Power        Failure   Level  Hunger
a - Magic Dart            Conj           #...         9%          1    None
b - Blink                 Tloc           N/A          13%         2    ##.....
c - Mephitic Cloud        Conj/Pois/Air  #.......     34%         3    ###....
d - Call Imp              Summ           #.......     12%         2    ##.....

Your spell library contained the following spells:

 Spells                   Type           Power        Failure   Level  Hunger
 Conjure Flame            Conj/Fire      #.......     32%         3    ###....
 Slow                     Hex            #.......     21%         2    ##.....


Dungeon Overview and Level Annotations

Branches:
Dungeon (2/15)

Altars:
Nemelex Xobeh
Sif Muna
Uskayaw

Annotations:
D:2 1 runed door


Innate Abilities, Weirdness & Mutations

You cannot wear most types of armour.
You are very stealthy in the water. (Stealth+)
You are amphibious.
You can wear up to eight rings at the same time.
You can use your tentacles to constrict eight enemies at once.
Your skin changes colour to match your surroundings (Stealth+).
Your rubbery body absorbs attacks. (AC +1, EV +1)


Message History

You hit the kobold. You burn the kobold.
You kill the kobold!
You barely miss the jelly. The jelly hits you but does no damage.
You hit the jelly. You burn the jelly. The acid corrodes you!
Your tentacles burn!
The jelly is lightly wounded.
The jelly hits you. The acid corrodes you!
You are splashed with acid!
The acid burns!
You hit the jelly. You burn the jelly. The acid corrodes you!
Your tentacles burn!
You squeeze the jelly, but do no damage.
The jelly is moderately wounded.
The jelly hits you.
You are splashed with acid!
The acid burns!
* * * LOW HITPOINT WARNING * * *
You hit the jelly but do no damage.
Your tentacles burn!
* * * LOW HITPOINT WARNING * * *
The jelly is moderately wounded.
The jelly misses you.
You hit the jelly. You burn the jelly.
Your tentacles burn!
You die...

....#........#
..#..#.#######
.##.(########### #
.##...###......##.
.###..##.......#.#
.###..'........#.#
......'........#.#
.####.)......#'#J#
## #.##.....#.#@#
# ###.###...[#.#.#
###...#########.##
(.#.#..#### ###
#)#........
#...........
#.#.####.### ..#.#
... ..... ...


You could see a jelly.

Vanquished Creatures
  Jessica (D:2)
  2 adders (D:2)
  A worm (D:2)
  A dart slug (D:1)
  A giant cockroach (D:1)
  7 goblins
  6 hobgoblins
  4 jackals (D:1)
  4 ball pythons (D:2)
  4 bats
  3 frilled lizards
  11 kobolds
  3 rats
48 creatures vanquished.

Vanquished Creatures (others)
  6 toadstools (D:2)
6 creatures vanquished.

Grand Total: 54 creatures vanquished

Notes
Turn   | Place    | Note
-------+----------+-------------------------------------------
     0 | D:1      | inc the Octopode Wizard began the quest for the Orb.
     0 | D:1      | Reached XP level 1. HP: 11/11 MP: 4/4
   170 | D:1      | Reached skill level 1 in Fighting
   185 | D:1      | Reached XP level 2. HP: 13/19 MP: 6/6
   189 | D:1      | Learned a level 2 spell: Blink
   192 | D:1      | Learned a level 2 spell: Call Imp
   502 | D:1      | Reached skill level 2 in Fighting
  1372 | D:2      | Noticed Jessica
  1388 | D:2      | Reached XP level 3. HP: 25/25 MP: 7/7
  1390 | D:2      | Killed Jessica
  1390 | D:2      | Reached skill level 3 in Fighting
  1425 | D:2      | Found a runed door.
  1486 | D:2      | Reached XP level 4. HP: 20/31 MP: 8/8
  1963 | D:2      | Reached skill level 4 in Fighting
  2066 | D:2      | Found a hide-covered altar of Uskayaw.
  2069 | D:2      | Found a sparkling altar of Nemelex Xobeh.
  2072 | D:2      | Found a deep blue altar of Sif Muna.
  2164 | D:2      | Learned a level 3 spell: Mephitic Cloud
  2196 | D:2      | HP: 1/33 [acid (4)]
  2197 | D:2      | Splashed by a jelly's acid

Vault maps used:
D:1:      lightli_arrival_lavapool, serial_bayou, serial_bayou_lagoon_b,
          serial_bayou_pond_b, serial_bayou_pond_e, serial_bayou_shore_a,
          minmay_misc_feat_rows, serial_bayou_lake_a
D:2:      cheibrodos_fertilizer, grunt_temple_overflow_open, st_stairs_10,
          minmay_shallow_snake_nest, uniq_crazy_yiuf_cottage, uniq_jessica

Skill      XL: |  1  2  3  4 |
---------------+-------------+-----
Fighting       | 1 2 3 4 |  4.1
Dodging        | |  2.0
Stealth        | |  2.6
Spellcasting   | |  3.0
Conjurations   | |  1.0
Summonings     | |  1.1
Translocations | |  1.0

Action                   |  1- 3 |  4- 6 || total
-------------------------+-------+-------++-------
Melee: Unarmed           |    63 |       ||    63
       Constrict         |    22 |     7 ||    29
       Tentacles         |    12 |     6 ||    18
       Spear             |    29 |       ||    29
       Dagger            |    13 |    42 ||    55
 Stab: Sleeping          |     3 |     2 ||     5
  Eat: Chunk             |     2 |     2 ||     4
Armor: Skin              |    24 |     3 ||    27
Dodge: Dodged            |    55 |    24 ||    79

Table legend:
 A = Spawn XP
 B = Non-spawn XP
 C = Spawn XP percentage of total XP
 D = Spawn monster count
 E = Non-spawn monster count
 F = Spawn count percentage of total count
 G = Total turns spent on level
                    A         B        C        D         E        F      G
               +---------+---------+-------+---------+---------+-------+---------
         Total |       0 |     140 |   0.0 |       0 |      48 |   0.0 |  2197
               +---------+---------+-------+---------+---------+-------+---------
           D:1 |       0 |      31 |   0.0 |       0 |      18 |   0.0 |  1160
           D:2 |       0 |     109 |   0.0 |       0 |      30 |   0.0 |  1037
               +---------+---------+-------+---------+---------+-------+---------
